 Zot Defence DCSS version 0.15.2 (webtiles) character file.

128 doot the Covered (level 4, -1/61 HPs)
             Began as a Minotaur Fighter on Jan 28, 2019.
             Slain by Alork the orc warrior
             ... wielding a +0 long sword
              (6 damage)
             ... in the Realm of Zot (Scenario V: Glassed Sandwich).
             The game lasted 00:03:08 (477 turns).

doot the Covered (Minotaur Fighter)                  Turns: 477, Time: 00:03:10

HP  -1/61        AC  7     Str 26      XL: 4   Next: 87%
MP   2/2         EV  7     Int  5      God:
Gold 0           SH 10     Dex 10      Spells:  0 memorised,  3 levels left

rFire  . . .     SeeInvis .     a - +0 war axe
rCold  . . .     Clarity  .     b - +0 scale mail
rNeg   . . .     rCorr    .     c - +0 shield
rPois  .         rRot     .     (helmet restricted)
rElec  .         Spirit   .     (no cloak)
SustAb .         Warding  .     (no gloves)
rMut   .         Stasis   .     (no boots)
Gourm  .                        (no amulet)
MR     .....                    (no ring)
                                (no ring)

@: berserking, very quick, not resistant to hostile enchantments, extremely
unstealthy
A: retaliatory headbutt, horns 2
a: Make oklob sapling, Make arrow trap, Make plant, Remove Curse


You were in the Realm of Zot.
You were not hungry.

You visited 1 branch

Inventory:

Hand weapons
 a - a +0 war axe (weapon)
Armour
 b - a +0 scale mail (worn)
 c - a +0 shield (worn)
Comestibles
 f - a bread ration
Scrolls
 k - a scroll of blinking
Potions
 d - 3 potions of curing
 e - a potion of might
 g - a potion of heal wounds
 h - a potion of haste
 i - 2 potions of magic


   Skills:
 + Level 4.6 Fighting
 + Level 2.8 Axes
 + Level 4.9 Armour
 + Level 0.4 Dodging
 + Level 4.8 Shields


You had 3 spell levels left.
You didn't know any spells.

Dungeon Overview and Level Annotations

Branches:
    Zot (1/1)

Altars:


Innate Abilities, Weirdness & Mutations

You reflexively headbutt those who attack you in melee.
You have a pair of horns on your head.


Message History

Your oklob sapling spits acid at Alork.
The splash of acid hits Alork.
The acid corrodes Alork's equipment!
You hit Alork.
Alork is lightly wounded.
Alork hits you with a long sword!
* * * LOW HITPOINT WARNING * * *
Your oklob sapling spits acid at Alork.
The splash of acid misses Alork.
You hit Alork.
Alork is moderately wounded.
Alork hits you with a long sword.
* * * LOW HITPOINT WARNING * * *
Unknown command.
Drink which item? (? for menu, Esc to quit)
A red film seems to cover your vision as you go berserk!
You feel yourself moving faster!
You feel mighty!
Your oklob sapling spits acid at Alork.
The splash of acid hits Alork.
The acid corrodes Alork's equipment!
Alork hits you with a long sword.
You die...

▓▓▓▓▓▓▓▓▓▓▓▓▓▓▓▓▓▓▓▓▓▓▓▓▓▓▓▓▓▓▓▓▓
...............(.................
..............▓▓^▓▓..............
.............▓▓.).▓▓.............
............▓▓.....▓▓............
...........▓▓.......▓▓...........
..........▓▓.........▓▓..........
▓▓▓▓▓▓▓▓▓▓▓.....o.....▓▓▓▓▓▓▓▓▓▓▓
∆∆∆∆∆∆▓▓▓▓▓▓▓▓▓%@P▓▓▓▓▓▓▓▓∆∆∆∆∆∆∆
▓▓▓▓▓▓▓▓▓▓▓....)).....▓▓▓▓▓▓▓▓▓▓▓
..........▓▓.........▓▓..........
...........▓▓.......▓▓...........
............▓▓..)..▓▓............
.............▓▓...▓▓.............
..............▓▓^▓▓..............
.................................
▓▓▓▓▓▓▓▓▓▓▓▓▓▓▓▓▓▓▓▓▓▓▓▓▓▓▓▓▓▓▓▓▓


You could see Alork the orc warrior and a friendly oklob sapling.

Vanquished Creatures
  An iguana (Zot)
  A shadow imp (Zot)
  A worm (Zot)
  An ooze (Zot)
  A ball python (Zot)
  2 bats (Zot)
  4 goblins (Zot)
  3 giant newts (Zot)
  2 giant newt zombies (Zot)
  2 goblin zombies (Zot)
  2 kobolds (Zot)
  A kobold zombie (Zot)
  A rat (Zot)
22 creatures vanquished.

Vanquished Creatures (collateral kills)
  2 giant newts (Zot)
  2 goblins (Zot)
  4 kobolds (Zot)
8 creatures vanquished.

Vanquished Creatures (others)
  A kobold (Zot)
  2 giant newts (Zot)
  A goblin (Zot)
  5 rats (Zot)
9 creatures vanquished.

Grand Total: 39 creatures vanquished

Notes
Turn   | Place    | Note
--------------------------------------------------------------
     0 | Zot      | doot, the Minotaur Fighter, began the quest for the Orb.
     0 | Zot      | Reached XP level 1. HP: 19/19 MP: 1/1
   259 | Zot      | Reached XP level 2. HP: 22/27 MP: 1/1
   261 | Zot      | Reached skill level 4 in Fighting
   276 | Zot      | Reached XP level 3. HP: 14/33 MP: 2/2
   366 | Zot      | Reached XP level 4. HP: 27/41 MP: 2/2
   464 | Zot      | Noticed Alork
   477 | Zot      | Slain by Alork the orc warrior

Action                   |  1- 3 |  4- 6 || total
-------------------------+-------+-------++-------
Melee: War axe           |    29 |    15 ||    44
 Abil: Make oklob saplin |     1 |       ||     1
       Make arrow trap   |     2 |       ||     2
  Use: Potion            |       |     1 ||     1
